 Dungeon Crawl Stone Soup version 0.26-a0-43-g20b394c (webtiles) character file.

Game seed: 15526256954909152696

0 thirtiethelement the Skirmisher (level 1, -1/20 HPs)
             Began as a Gnoll Abyssal Knight on June 4, 2020.
             Was a Follower of Lugonu.
             Slain by a thrashing horror (7 damage)
             ... on level 1 of the Abyss.
             The game lasted 00:02:04 (153 turns).

thirtiethelement the Skirmisher (GnAK)               Turns: 153, Time: 00:02:04

Health: -1/20      AC:  7    Str: 14    XL:     1   Next: 0%
Magic:  3/4        EV: 12    Int: 14    God:    Lugonu [*.....]
Gold:   0          SH:  0    Dex: 14    Spells: 0/0 levels left

rFire    . . .     SeeInvis .   a - +1 falchion
rCold    . . .     Gourm    .   (no shield)
rNeg     . . .     Faith    .   b - +0 leather armour
rPois    .         Spirit   .   (no helmet)
rElec    .         Reflect  .   (no cloak)
rCorr    .         Harm     .   (no gloves)
MR       .....                  (no boots)
Stlth    +.........             (no amulet)
HPRegen  0.00/turn              (no ring)
MPRegen  0.09/turn              (no ring)

@: non-regenerating, badly diseased
A: distributed training, fangs 1, icy blue scales 1, slimy green scales 1, frail
1, high mp 1, strong nose
a: Depart the Abyss, Renounce Religion


You were on level 1 of the Abyss.
You worshipped Lugonu.
Lugonu was aware of your devotion.
You were not hungry.

You visited 0 branches of the dungeon, and saw 0 of its levels.
You visited the Abyss 1 time.

Inventory:

Hand Weapons
 a - a +1 falchion (weapon)
Armour
 b - a +0 leather armour (worn)
Potions
 e - a potion of ambrosia {unknown}
 f - a potion of lignification {unknown}
Comestibles
 c - a ration


   Skills:
 + Level 6.4 Fighting
 + Level 0.0 Short Blades
 + Level 4.4 Long Blades
 + Level 0.0 Axes
 + Level 0.0 Maces & Flails
 + Level 0.0 Polearms
 + Level 0.0 Staves
 + Level 0.0 Slings
 + Level 0.0 Bows
 + Level 0.0 Crossbows
 + Level 0.0 Throwing
 + Level 4.4 Armour
 + Level 2.3 Dodging
 + Level 0.0 Stealth
 + Level 0.0 Shields
 + Level 0.0 Unarmed Combat
 + Level 0.0 Spellcasting
 + Level 0.0 Conjurations
 + Level 0.0 Hexes
 + Level 0.0 Charms
 + Level 0.0 Summonings
 + Level 0.0 Necromancy
 + Level 0.0 Translocations
 + Level 0.0 Transmutations
 + Level 0.0 Fire Magic
 + Level 0.0 Ice Magic
 + Level 0.0 Air Magic
 + Level 0.0 Earth Magic
 + Level 0.0 Poison Magic
 + Level 4.4 Invocations
 + Level 0.0 Evocations


You couldn't memorise any spells.
You didn't know any spells.
Your spell library was empty.

Dungeon Overview and Level Annotations

Branches:
Dungeon (0/15)

Altars:


Innate Abilities, Weirdness & Mutations

Your experience applies equally to all skills.
You have very sharp teeth.
Your uncanny sense of smell can sniff out nearby items.
You are partially covered in icy blue scales. (AC +2)
You are partially covered in slimy green scales. (AC +2)
You are frail. (-10% HP)
You have an increased reservoir of magic. (+10% MP)


Message History

Tentacles burst from the starspawn's body! 2 starspawn tentacles come into view.
A large abomination comes into view.
The ancient zyme hits you. The ancient zyme hits you!
You feel ill.
Found a club.
You see here a club.
A rakshasa and a thrashing horror come into view.
You feel ill. The thrashing horror tramples you!
* * * LOW HITPOINT WARNING * * *
You stumble backwards!
You don't know any spells.
Okay, then.
You don't know any spells.
It was a potion of mutation.
You feel extremely strange.
Slimy green scales grow over part of your body.
You feel more energetic.
You feel frail.
Icy blue scales grow over part of your body.
The thrashing horror barely misses you. The thrashing horror tramples you!
You die...

#...#.. ....##.##. .
##.X##..# ##..... .. .
...X.x...#....#.
....##.#. X..#...# .
...# . #..#... # ## .#
...#. .###X.#. # ## ...
. #. .##.#.X.####.#..#
.### . ....##..#...R# #.
......#...#...x#@..#....
#.####....#.#.##X..# #
#...#...##..#.#.#
#.##..##..#.. ##.#...# #
#.# #. ### ......# ...#
. .#...... . . ##
.#..... . # ..###.. . #
.##


You could see a rakshasa and a thrashing horror.

Vanquished Creatures (others)
  6 starspawn tentacles (Abyss:1)
6 creatures vanquished.

Notes
Turn   | Place    | Note
-------+----------+-------------------------------------------
     0 | Abyss:1  | thirtiethelement the Gnoll Abyssal Knight began the quest
                  | for the Orb.
     0 | Abyss:1  | Reached XP level 1. HP: 23/23 MP: 3/3
    50 | Abyss:1  | Noticed a tentacled starspawn
    96 | Abyss:1  | Noticed a bone dragon
   108 | Abyss:1  | Noticed a small abomination
   109 | Abyss:1  | Noticed a glowing orange brain
   121 | Abyss:1  | Noticed an ancient zyme
   136 | Abyss:1  | Noticed a large abomination
   151 | Abyss:1  | Noticed a rakshasa
   151 | Abyss:1  | Noticed a thrashing horror
   153 | Abyss:1  | Gained mutation: You are partially covered in slimy green
                  | scales. (AC +2) [potion of mutation]
   153 | Abyss:1  | Gained mutation: You have an increased reservoir of magic.
                  | (+10% MP) [potion of mutation]
   153 | Abyss:1  | Gained mutation: You are frail. (-10% HP) [potion of
                  | mutation]
   153 | Abyss:1  | Gained mutation: You are partially covered in icy blue
                  | scales. (AC +2) [potion of mutation]
   153 | Abyss:1  | Slain by a thrashing horror

Illustrated notes

Levels and vault maps discovered:
Abyss:1

Action                   || total
-------------------------++-------
  Use: Scroll            ||     1
       Potion            ||     1
Dodge: Dodged            ||     1

Table legend:
 A = Non-vault XP
 B = Vault XP
 C = Vault XP percentage of total XP
 D = Non-vault monster count
 E = Vault monster count
 F = Vault count percentage of total count
                 A         B        C        D         E       F
            +---------+---------+-------+---------+---------+-------
      Total |       0 |       0 |   N/A |       0 |       0 |  -nan
            +---------+---------+-------+---------+---------+-------
            +---------+---------+-------+---------+---------+-------
